 Dungeon Crawl Stone Soup version 0.29-a0-22-gbf593b16ee (webtiles) character file.

Game seed: 7426880527119514184

1621506 badatthis the Cryomancer (level 26, 207/207 HPs)
             Began as a Barachi Ice Elementalist on Jan 29, 2022.
             Was the Champion of Hepliaklqana.
             Escaped with the Orb
             ... and 3 runes on Jan 30, 2022!
             The game lasted 03:45:58 (70091 turns).

badatthis the Cryomancer (BaIE)                    Turns: 70091, Time: 03:45:59

Health: 207/207    AC: 25    Str: 12    XL:     26   Next: 57%
Magic:  41/42      EV: 24    Int: 28    God:    Hepliaklqana [******]
Gold:   4882       SH: 19    Dex: 24    Spells: 14/65 levels left

rFire   + + .      SeeInvis +   a - staff of cold {!a}
rCold   + + +      Faith    .   H - +2 shield of Resistance {rF++ rC++ Will++}
rNeg    . . .      Spirit   .   g - +4 troll leather armour
rPois   .          Reflect  .   c - +2 helmet "Fuowned" {rElec rF+}
rElec   +          Harm     .   s - +2 cloak
rCorr   +          Rampage  .   S - +2 pair of gloves
Will    +++..      Rage     1%  N - +2 pair of boots "Xoasyide" {rCorr}
Stlth   +.........              Y - amulet of magic regeneration
HPRegen 1.24/turn               E - ring of Midnight {Ice Str+3 Int+4 Dex+3}
MPRegen 0.68/turn               B - ring of Res Nullius {Wiz +Blink Dex+4 SInv}

@: unable to hop, studying 3 skills, slow
A: reduced essence, amphibious, slowness 1, strong legs 2, +LOS, berserk 1, low
MP 1
0: Orb of Zot
}: 3/15 runes: decaying, silver, gossamer
a: Hop, Renounce Religion, Evoke Blink, Recall Ancestor, Ancestor Identity,
Transference, Idealise


You escaped.
You worshipped Hepliaklqana.
Hepliaklqana was exalted by your worship.
You visited 10 branches of the dungeon, and saw 49 of its levels.
You also visited: Trove, Sewer, Bailey and Wizlab.

You collected 9736 gold pieces.
You spent 4854 gold pieces at shops.


Innate Abilities, Weirdness & Mutations

Your life essence is reduced to manifest your ancestor. (-10% HP)
You are amphibious.
You cover ground slowly.
You can hop long distances.
You have an extended range of vision and can be seen from far away.
You tend to lose your temper in combat.
Your magical capacity is low. (-10% MP)


   Skills:
 + Level 23.7 Fighting
 - Level 14.0 Armour
 + Level 15.5 Dodging
 - Level 1.7 Stealth
 - Level 19.0 Shields
 + Level 20.4 Spellcasting
 - Level 18.0 Conjurations
 - Level 12.0 Summonings
 - Level 6.0 Necromancy
 - Level 8.0 Translocations
 * Level 23.9 Ice Magic
 - Level 9.0 Earth Magic
 - Level 8.0 Invocations


You had 14 spell levels left.
You knew the following spells:

 Your Spells              Type           Power      Damage    Failure   Level
a - Iron Shot             Conj/Erth      40%        9d8       1%          6
b - Spellforged Servitor  Conj/Summ      42%        N/A       1%          7
c - Borgnjor's Vile Clut  Necr/Erth      31%        N/A       1%          5
d - Ozocubu's Refrigerat  Ice            76%        4d20      1%          7
e - Orb of Destruction    Conj           46%        9d12      1%          7
l - Sublimation of Blood  Necr           58%        N/A       1%          2
p - Ozocubu's Armour      Ice            100%       N/A       0%          3
t - Freeze                Ice            100%       1d11      0%          1
M - Passage of Golubria   Tloc           65%        N/A       1%          4
X - Polar Vortex          Ice            76%        N/A       5%          9

Your spell library contained the following spells:

 Spells                   Type           Power      Damage    Failure   Level
 Summon Small Mammal      Summ           100%       N/A       0%          1
 Frozen Ramparts          Ice            100%       1d12      0%          3
 Hailstorm                Conj/Ice       100%       3d20      0%          4
 Summon Ice Beast         Ice/Summ       100%       N/A       0%          4
 Animate Skeleton         Necr           100%       N/A       1%          1
 Apportation              Tloc           100%       N/A       1%          1
 Foxfire                  Conj/Fire      100%       2x1d9     1%          1
 Pain                     Necr           100%       1d9       1%          1
 Sandblast                Erth           100%       2d20      1%          1
 Shock                    Conj/Air       100%       1d9       1%          1
 Slow                     Hex            100%       N/A       1%          1
 Sting                    Tmut/Pois      100%       1d8       1%          1
 Call Imp                 Summ           77%        N/A       1%          2
 Corpse Rot               Necr/Air       90%        N/A       1%          2
 Ensorcelled Hibernation  Hex/Ice        100%       N/A       1%          2
 Passwall                 Tmut/Erth      43%        N/A       1%          2
 Poisonous Vapours        Pois/Air       56%        N/A       1%          2
 Scorch                   Fire           56%        2d7       1%          2
 Call Canine Familiar     Summ           77%        N/A       1%          3
 Conjure Flame            Conj/Fire      68%        6-21      1%          3
 Dazzling Flash           Conj/Hex       100%       N/A       1%          3
 Gell's Gravitas          Tloc           65%        N/A       1%          3
 Mephitic Cloud           Conj/Pois/Air  58%        N/A       1%          3
 Portal Projectile        Hex/Tloc       100%       N/A       1%          3
 Stone Arrow              Conj/Erth      100%       3d13      1%          3
 Summon Guardian Golem    Hex/Summ       58%        N/A       1%          3
 Teleport Other           Tloc           65%        N/A       1%          3
 Vampiric Draining        Necr           58%        2d10      1%          3
 Animate Armour           Summ/Erth      100%       N/A       1%          4
 Animate Dead             Necr           29%        N/A       1%          4
 Dispel Undead            Necr           58%        3d21      1%          4
 Flame Wave               Conj/Fire      68%        2d13      1%          4
 Fulminant Prism          Conj/Hex       34%        3d16      1%          4
 Ice Form                 Ice/Tmut       100%       N/A       1%          4
 Iskenderun's Mystic Bla  Conj/Tloc      79%        2d16      1%          4
 Leda's Liquefaction      Hex/Erth       26%        N/A       1%          4
 Petrify                  Tmut/Erth      52%        N/A       1%          4
 Sticky Flame             Conj/Fire      68%        2d8       1%          4
 Summon Lightning Spire   Summ/Air       58%        N/A       1%          4
 Freezing Cloud           Conj/Ice/Air   63%        6-21      1%          5
 Irradiate                Conj/Tmut      34%        3d25      1%          5
 Iskenderun's Battlesphe  Conj           92%        2d14      1%          5
 Lee's Rapid Deconstruct  Erth           34%        3d18*     1%          5
 Manifold Assault         Tloc           65%        N/A       1%          5
 Summon Forest            Summ/Tloc      35%        N/A       1%          5
 Simulacrum               Ice/Necr       64%        N/A       1%          6
 Confusing Touch          Hex            28%        N/A       2%          3
 Ignite Poison            Fire/Tmut/Pois 28%        N/A       2%          3
 Inner Flame              Hex/Fire       28%        N/A       2%          3
 Spider Form              Tmut/Pois      28%        N/A       2%          3
 Swiftness                Air            28%        N/A       2%          3
 Anguish                  Hex/Necr       22%        N/A       2%          4
 Agony                    Necr           58%        N/A       2%          5
 Starburst                Conj/Fire      34%        6d10      3%          6
 Dispersal                Tloc           32%        N/A       6%          6
 Summon Hydra             Summ           38%        N/A       6%          7
 Airstrike                Air            14%        N/A       10%         4
 Cause Fear               Hex            14%        N/A       10%         4
 Death Channel            Necr           29%        N/A       12%         6
 Malign Gateway           Summ/Tloc      35%        N/A       13%         7
 Haunt                    Necr/Summ      34%        N/A       21%         7
 Statue Form              Tmut/Erth      34%        N/A       22%         6
 Lehudib's Crystal Spear  Conj/Erth      40%        10d10     24%         8
 Alistair's Intoxication  Tmut/Pois      18%        N/A       26%         5
 Blade Hands              Tmut           14%        N/A       26%         5
 Silence                  Hex/Air        14%        N/A       26%         5
 Yara's Violent Unravell  Hex/Tmut       14%        3d7       26%         5
 Summon Horrible Things   Summ           38%        N/A       41%         8
 Eringya's Noxious Bog    Tmut/Pois      14%        N/A       78%         6
 Disjunction              Tloc           32%        N/A       90%         8
 Infestation              Necr           29%        N/A       99%         8
 Dragon's Call            Summ           38%        N/A       99%         9
 Dragon Form              Tmut           14%        N/A       100%        7
 Storm Form               Tmut/Air       14%        N/A       100%        7
 Maxwell's Capacitive Co  Air            14%        ∞         100%        8
 Death's Door             Necr           29%        N/A       100%        9
 Fire Storm               Conj/Fire      34%        8d9       100%        9

Inventory:

Hand Weapons
 b - the +7 war axe of Abuse {speed, Dex+4}
   (You found it on level 11 of the Dungeon)

   Attacks with this weapon are significantly faster.
   Dex:       It affects your dexterity (+4).
Missiles
 z - 27 throwing nets {=f}
Armour
 c - the +2 helmet "Fuowned" (worn) {rElec rF+}
   (You found it on level 3 of the Elven Halls)

   rF:        It protects you from fire.
   rElec:     It insulates you from electricity.
 g - a +4 troll leather armour (worn)
 s - a +2 cloak (worn)
 H - the +2 shield of Resistance (worn) {rF++ rC++ Will++}
   (You acquired it on level 4 of the Vaults)

   rF:        It greatly protects you from fire.
   rC:        It greatly protects you from cold.
   Will:      It greatly increases your willpower.
 N - the +2 pair of boots "Xoasyide" (worn) {rCorr}
   (You bought it in a shop on level 2 of the Orcish Mines)

   rCorr:     It protects you from acid and corrosion.
 S - a +2 pair of gloves (worn)
Magical Staves
 a - a staff of cold (weapon) {!a}
 Q - a staff of conjuration {!a}
Jewellery
 f - the ring of Cekexett {Fire Dex+3}
   (You found it in a wizard's laboratory)

   [ring of fire]

   It enhances your fire magic.
   Dex:       It affects your dexterity (+3).
   rF:        It protects you from fire.
   rC:        It makes you vulnerable to cold.
 B - the ring of Res Nullius (right hand) {Wiz +Blink Dex+4 SInv}
   (You found it on level 6 of the Dungeon)

   [ring of wizardry]

   It improves your spell success rate.
   Dex:       It affects your dexterity (+4).
   SInv:      It lets you see invisible.
   +Blink:    It lets you blink.
 E - the ring of Midnight (left hand) {Ice Str+3 Int+4 Dex+3}
   (You found it in a wizard's laboratory)

   [ring of ice]

   It enhances your ice magic.
   Str:       It affects your strength (+3).
   Int:       It affects your intelligence (+4).
   Dex:       It affects your dexterity (+3).
   rF:        It makes you vulnerable to fire.
   rC:        It protects you from cold.
 F - a ring of protection from fire
 P - a ring of poison resistance
 W - a ring of willpower
 Y - an amulet of magic regeneration (around neck)
Wands
 I - a wand of charming (13)
 J - a wand of digging (23)
 L - a wand of acid (6)
 R - a wand of mindburst (6)
 U - a wand of iceblast (21)
 X - a wand of paralysis (32)
Scrolls
 d - 3 scrolls of holy word
 e - 5 scrolls of summoning
 h - 2 scrolls of enchant armour
 l - 5 scrolls of magic mapping
 n - 9 scrolls of immolation
 o - 2 scrolls of teleportation {@r2}
 r - 3 scrolls of teleportation {!*}
 u - 2 scrolls of fear
 w - 4 scrolls of blinking
 x - 10 scrolls of fog
 y - 6 scrolls of vulnerability
Potions
 i - 4 potions of cancellation
 k - 10 potions of heal wounds {@q2}
 m - 7 potions of resistance
 p - 6 potions of brilliance
 q - 7 potions of flight
 t - 10 potions of might
 A - 24 potions of curing {@q1}
 C - 7 potions of invisibility
 G - 7 potions of lignification
 K - 6 potions of mutation
 M - 5 potions of magic
 O - 12 potions of ambrosia
 T - 2 potions of berserk rage {!q}
 Z - a potion of haste {@q3}
Miscellaneous
 j - a condenser vane
 v - a lightning rod (4/4)
 D - a phantom mirror

Dungeon Overview and Level Annotations

Branches:
Dungeon (15/15)            Temple (1/1) D:4            Lair (6/6) D:8
  Swamp (4/4) Lair:2       Spider (4/4) Lair:3        Slime (0/5) Lair:6
    Orc (2/2) D:10            Elf (3/3) Orc:2        Vaults (5/5) D:14
  Crypt (0/3) Vaults:3     Depths (4/4) D:15            Zot (5/5) Depths:4
  Sewer (visited)          Bailey (visited)          WizLab (visited)

Altars:
Ashenzari
Cheibriados
Dithmenos
Elyvilon
Fedhas
Gozag
Hepliaklqana
Kikubaaqudgha
Makhleb
Nemelex Xobeh
Okawaru
Qazlal
Ru
Sif Muna
Trog
Uskayaw
Vehumet
Wu Jian
Xom
Yredelemnul
Zin
The Shining One
Beogh
Lugonu

Shops:
D:2 :   D:3 :[*[[   D:5 *   D:9 ((*   D:13 !   Orc:1 :   Orc:2 *[*(   Elf:1 *
Vaults:4 [??[   Vaults:5 ??

Portals:
Hell: Depths:1 Depths:2 Depths:3 Depths:4
Abyss: Lair:6 Depths:1 Depths:3
Pandemonium: Depths:2
Ziggurat: Depths:3

##..........##...###############.
............).............(......
##.#####..#.###########..........
##)# #..#.# #.#######.# ##.#
#..#.# ###'#######.. ##.# #..#.#
#.........##. ##.# #..#.#
#.........##. ...# #..#.# ▓▓▓▓
#.........### ###########.# ▓.@▓
#.........# #
............▓▓▓'R▓▓▓#.........# #
.#########.▓▓......▓▓.........# #
.# #.......▓▓.§≈≈≈.▓▓.........# #
.#####.###.▓▓.≈≈≈≈.▓▓.........#
.......# #.▓▓......▓▓.#'####'####
#####..# #.#▓▓▓''▓▓▓#.#.# #.....
#..# #.# ▓..▓ #.#.######### #..#
#.# #▓''▓ #.#..........


You could see the friendly Londisizwe the knight (fast).


Message History

The iron shot misses the rakshasa.
Unknown command.
Casting: Iron Shot (mildly dangerous; 1% risk of failure)
Confirm with . or Enter, or press ? or * to list all spells.
Aiming: Iron Shot (mildly dangerous; 1% risk of failure)
Press: ? - help, Shift-Dir - straight line, f/p - rakshasa
Aim: a rakshasa, wielding a +0 long sword and wearing a +0 robe (severely wounded, ally target, 64% to hit)
Londisizwe avoids your attack.
The iron shot misses the rakshasa.
Londisizwe hits the rakshasa with a +0 broad axe of speed!!
The rakshasa dies!
Unknown command.
Things that are here:
a +0 long sword; a +0 robe
Aiming: Dig
Press: ? - help, Shift-Dir - straight line You can't see that place. [the floor.]
The rock shatters into small pieces.
Unknown command.
There is a large open door here.
There is a large open door here.
Use which ability? (? or * to list) Unknown command.
Use which ability? (? or * to list) Hop to where?
Press: ? - help, Dir - move target Boing!
There is a large open door here.
There is a staircase leading out of the dungeon here.
You have escaped!

Skill      XL: |  1  2  3  4  5  6  7  8  9 10 11 12 13 14 15 16 17 18 19 20 21 22 23 24 25 26 |
---------------+-------------------------------------------------------------------------------+-----
Ice Magic      | 5 6 7 8 9 10 12 15 18 19 21 22 23 | 23.9
Fighting       | 1 2 3 4 5 7 10 11 12 13 14 15 18 20 21 22 23 | 23.7
Conjurations   | 1 2 4 5 7 9 10 11 13 15 17 18 | 18.0
Armour         | 1 2 3 4 5 6 7 8 9 10 12 14 | 14.0
Spellcasting   | 3 5 6 7 9 10 11 12 14 15 17 18 19 20 | 20.4
Dodging        | 3 4 5 6 9 10 12 13 15 | 15.5
Shields        | 5 6 9 10 11 14 16 17 19 | 19.0
Summonings     | 2 3 6 9 12 | 12.0
Invocations    | 2 3 6 8 |  8.0
Translocations | 8 |  8.0
Earth Magic    | 8 9 |  9.0
Necromancy     | 5 6 |  6.0
Stealth        | |  1.7

Action                   |  1- 3 |  4- 6 |  7- 9 | 10-12 | 13-15 | 16-18 | 19-21 | 22-24 | 25-27 || total
-------------------------+-------+-------+-------+-------+-------+-------+-------+-------+-------++-------
Melee: Unarmed           |     1 |       |       |       |       |       |       |       |       ||     1
       Short sword       |    25 |    53 |    85 |       |       |       |       |       |       ||   163
       Punch             |       |     1 |     1 |     2 |       |       |       |       |       ||     4
       Dagger            |       |       |    17 |   145 |       |       |       |       |       ||   162
       Staff             |       |       |       |    45 |    73 |    40 |    14 |    10 |     7 ||   189
       War axe           |       |       |       |       |    14 |    22 |    46 |     5 |       ||    87
 Cast: Freeze            |    49 |    37 |    65 |    53 |   163 |     4 |     3 |       |       ||   374
       Frozen Ramparts   |     1 |    14 |    32 |    44 |    31 |       |       |       |       ||   122
       Hailstorm         |       |       |    20 |   124 |    83 |     1 |       |       |       ||   228
       Ozocubu's Armour  |       |       |       |       |     4 |       |       |     1 |       ||     5
       Ozocubu's Refrige |       |       |       |       |   125 |   458 |   444 |   374 |    48 ||  1449
       Spellforged Servi |       |       |       |       |       |       |     2 |    27 |    12 ||    41
       Iron Shot         |       |       |       |       |       |       |       |   128 |   183 ||   311
       Borgnjor's Vile C |       |       |       |       |       |       |       |    43 |    90 ||   133
       Orb of Destructio |       |       |       |       |       |       |       |     6 |     5 ||    11
       Polar Vortex      |       |       |       |       |       |       |       |       |     1 ||     1
       Passage of Golubr |       |       |       |       |       |       |       |       |     1 ||     1
Invok: Recall Ancestor   |       |       |     1 |     1 |     2 |     1 |     3 |     1 |    10 ||    19
       Ancestor Life: Kn |       |       |     1 |       |       |       |       |       |       ||     1
       Idealise          |       |       |       |     1 |     1 |       |       |     2 |     5 ||     9
 Abil: Hop               |       |       |     3 |     5 |     4 |    11 |     6 |     6 |     7 ||    42
       Evoke Blink       |       |       |       |       |       |       |     1 |       |       ||     1
Evoke: Wand              |       |       |       |       |     2 |     5 |     1 |     3 |     3 ||    14
       Lightning rod     |       |       |       |       |       |       |     2 |       |       ||     2
       Phantom mirror    |       |       |       |       |       |       |     1 |     1 |     2 ||     4
       Condenser vane    |       |       |       |       |       |       |       |     1 |     2 ||     3
  Use: Scroll            |       |     3 |     5 |    14 |     7 |    12 |     2 |    16 |    12 ||    71
       Potion            |       |       |     1 |     5 |       |     3 |     2 |     2 |     5 ||    18
 Stab: Sleeping          |     2 |     5 |     1 |     1 |     1 |       |       |       |       ||    10
       Distracted        |       |       |       |       |     1 |     1 |     4 |     1 |     2 ||     9
Armor: Robe              |    16 |     6 |       |       |       |       |       |       |       ||    22
       Leather armour    |       |    15 |    57 |    23 |       |       |       |       |       ||    95
       Troll leather arm |       |       |       |    82 |    97 |    60 |    30 |    19 |    17 ||   305
       Skin              |       |       |       |    34 |       |       |       |       |       ||    34
Dodge: Dodged            |    36 |    51 |    97 |   189 |   120 |    89 |   100 |    72 |    79 ||   833
Block: Kite shield       |       |       |       |    92 |   158 |   166 |   123 |    76 |    70 ||   685

Levels and vault maps discovered:
D:1:      lightli_arrival_lavapool, layout_basic
D:2:      layout_rooms, serial_shops,
          nicolae_shop_temple_entry_statues_fountains, basic_altar
D:3:      layout_basic, serial_shops, shop, nicolae_shop_hallway_plus, shop,
          shop, nicolae_shop_behind_doors, kennysheep_small_spiral, st_stairs_3,
          cheibrodos_gnoll_hut
D:4:      layout_basic, vehumet_crystals, minmay_temple_entry_poolview
D:5:      layout_gridville, jmf_multi_god_temple2, portal_sewer_entry_d,
          serial_shops, nicolae_shop_stone, uniq_blork_the_orc
D:6:      layout_layer_cave, eino_tiny_chamber, minmay_misc_feat_plants,
          minivault_1
D:7:      layout_rooms, mainiacjoe_overflow_surrounded_room,
          mainiacjoe_overflow_boulevard
D:8:      layout_loops_ring, kennysheep_mini, erik_lair_island, serial_bayou,
          serial_bayou_crossing, serial_bayou_pond_e, serial_bayou_pond_c,
          serial_bayou_pond_a, chequers_arboretum, minmay_misc_feat_tiny,
          minivault_27
D:9:      layout_small_grid, enter_bailey_2, serial_shops,
          kennysheep_little_box, nicolae_shop_competitors_out_of_business, shop,
          nicolae_water_bricks, minivault_19, serial_bayou_pond_e,
          hangedman_abyss_or_decor_stabs, minmay_the_grid_2x2
          [minmay_the_grid_armoury, minmay_the_grid_paths,
          minmay_the_grid_outer_circle, minmay_the_grid_prize_big_room]
D:10:     layout_big_octagon, orc_0_dummy, serial_gnoll_camp,
          gnoll_camp_mini_hut, gnoll_camp_medium_01, gnoll_camp_mini_doghouse,
          gnoll_camp_medium_02, gnoll_camp_huts_basic,
          minmay_beelzebubs_servants
D:11:     dreamdust_isle_of_ice, layout_loops_cross, minivault_7
D:12:     layout_roguey, serial_bayou_pond_a, uniq_nergalle
D:13:     layout_long_grid, serial_shops, nicolae_shop_statue_plus,
          nooodl_orcs_dogs, uniq_azrael, uniq_urug, uniq_josephine, uniq_maurice
D:14:     layout_long_grid, david_vaults_1, nrook_mini_backslash
D:15:     gammafunk_enter_depths_forms, layout_basic, kennysheep_crisscross
Temple:   nicolae_temple_elliptical
Lair:1:   layout_gridlike, ebering_ghost_inner_flame
Lair:2:   layout_layer_cave, minmay_swamp_entry_worms, serial_forest,
          infiniplex_forest_clump_double, infiniplex_forest_clump_small,
          infiniplex_forest_clump_diagonal, infiniplex_forest_clump_medium,
          infiniplex_forest_clump_curved, infiniplex_forest_clump_small,
          infiniplex_forest_straight_2, infiniplex_forest_split
Lair:3:   layout_chaotic_city, dummy_spider_entry, gammafunk_ghost_necromancy,
          lemuel_fruit_fields
Lair:4:   layout_roguey, special_room [special_room_mythical_zoo],
          beast_lair_carwin_2
Lair:5:   dpeg_oklob_gauntlet, layout_gridlike, grunt_megastairs_3
Lair:6:   hellmonk_lair_end_abyssal_woods, layout_regular_city,
          minmay_slime_entry_oklob_open
Swamp:1:  layout_basic_swamp, nicolae_swamp_little_swirl
Swamp:2:  layout_basic_swamp, evilmike_swamp_ruin_rubble_2, swamp_pool1,
          infiniplex_staircase_pool_2
Swamp:3:  layout_basic_swamp, gammafunk_ghost_arena, serial_swamp_ruin,
          evilmike_swamp_ruin_house_6, evilmike_swamp_ruin_rubble_1,
          evilmike_swamp_ruin_house_1
Swamp:4:  swamp_alternative, layout_basic_swamp
Spider:1: layout_spider_delve
Spider:2: layout_spider_delve
Spider:3: layout_spider_delve, nicolae_spider_twisty_arc_passages
Spider:4: johnstein_spider_rune_arachne_lair, hangedman_spider_tarantella_strand
Orc:1:    gammafunk_beogh_shrine, layout_diamond_mine, serial_shops,
          nicolae_shop_stone, guppyfry_library_mini
Orc:2:    grunt_orc_tribal_feast, layout_caves
Elf:1:    minmay_elf_arrival_plus, layout_rooms, serial_shops,
          nicolae_take_the_stairs, minmay_elf_demonology, grunt_megastairs_5
Elf:2:    nicolae_elf_blades_crystal_corner, layout_loops_ring, minivault_25_ag,
          minmay_elf_sorcery
Elf:3:    minmay_elf_hall, layout_geoelf_grid
Vaults:1: ontoclasm_vaults_tryst, nicolae_vaults_little_squares_4,
          nicolae_vaults_little_squares_3, v_misc_24, vaults_dpeg_encased_lava,
          hangedman_vaults_restitches, v_misc_18,
          ontoclasm_vaults_claustrophobia, grunt_vaults_twisty,
          ontoclasm_vaults_chip, grunt_vaults_funnel, st_lattice,
          hangedman_vaults_snaps, ontoclasm_vaults_shuriken, layout_vaults_ring
Vaults:2: v_misc_5, hangedman_vaults_locks, nicolae_vaults_little_squares_4,
          ontoclasm_vaults_chip, v_alt_pattern_3, vaults_mumra_hexcomb,
          nicolae_vaults_statue_guard, layout_vaults_big_room, uniq_nikola
Vaults:3: hangedman_vaults_river_flow, vaults_standard_mumra_lines, v_misc_14,
          minmay_crypt_entry_necro_gods, nicolae_vaults_an_arrangement,
          v_rooms_6, nicolae_vaults_windows_and_doors_thing,
          vaults_room_octagon, vaults_dpeg_diagonal, vaults_mumra_lcd,
          vaults_room_grid, nicolae_vaults_ninety_degrees,
          nicolae_vaults_what_the_h, layout_vaults_maze_bifur
Vaults:4: v_alt_pattern_6, v_misc_28, v_misc_2, vaults_room_door_hall,
          ontoclasm_vaults_idyll, v_pattern_4, nicolae_vaults_shelves_hall,
          vaults_room_corners, serial_ice_g, v_alt_pattern_1,
          layout_vaults_omnicross, serial_shops, nicolae_shop_behind_doors,
          shop_fountains, nicolae_shop_advertising_works
          [nicolae_subvault_shop_adworks], nicolae_shop_statue_plus
Vaults:5
Depths:1: layout_roguey, grunt_hell_entry_dis_mu,
          nicolae_hepliaklqana_hippocampus, mu_enter_wizlab_3, special_room
          [special_room_mythical_zoo], abyss_entry, nzn_random_ring
Depths:2: grunt_profane_halls [grunt_profane_temple_geh,
          grunt_profane_temple_dis, grunt_profane_temple_coc,
          grunt_profane_temple_tar, grunt_profane_loot], hell_entry, pan_entry,
          serial_shops, uniq_aizul
Depths:3: minmay_four_inscribed_fans, layout_basic, enter_ziggurat_d,
          kennysheep_nub, grunt_metal_band, abyss_entry_small_statue_room,
          uniq_enchantress
Depths:4: evilmike_zot_entry_basic, layout_cave_pools,
          nicolae_trove_entry_columns, serial_glass, glass_columns_a,
          glass_columns_b, hell_entry
Zot:1:    layout_onion
Zot:2:    layout_cathedral_of_symmetry, lemuel_elevator
Zot:3:    layout_basic, lemuel_baited_zot_trap
Zot:4:    layout_cathedral_of_symmetry
Zot:5:    layout_gridlike, st_stairs_10, skrybe_zot_glass_3

Notes
Turn   | Place    | Note
-------+----------+-------------------------------------------
     0 | D:1      | badatthis the Barachi Ice Elementalist began the quest for
                  | the Orb.
     0 | D:1      | Reached XP level 1. HP: 13/13 MP: 3/3
   107 | D:1      | Reached skill level 5 in Ice Magic
   425 | D:1      | Reached skill level 1 in Fighting
   425 | D:1      | Reached XP level 2. HP: 17/21 MP: 1/5
   672 | D:1      | HP: 1/21 [dart slug (2)]
  1164 | D:1      | Reached XP level 3. HP: 26/26 MP: 4/6
  1671 | D:1      | Learned a level 3 spell: Frozen Ramparts
  1726 | D:1      | Reached skill level 2 in Fighting
  1867 | D:2      | Reached skill level 6 in Ice Magic
  1997 | D:2      | Reached XP level 4. HP: 26/33 MP: 3/7
  2085 | D:2      | Found Civahuec's Book Shop.
  2124 | D:2      | Found an ornate altar of the Wu Jian Council.
  2410 | D:3      | Found Zuratuwk's Armour Shoppe.
  2536 | D:3      | Reached XP level 5. HP: 36/40 MP: 1/8
  2584 | D:3      | Reached skill level 3 in Fighting
  2602 | D:3      | Learned a level 4 spell: Hailstorm
  2737 | D:3      | Reached skill level 1 in Conjurations
  2737 | D:3      | Reached skill level 7 in Ice Magic
  2738 | D:3      | Reached skill level 1 in Armour
  2739 | D:3      | Reached XP level 6. HP: 29/47 MP: 1/9
  2862 | D:3      | Found Xafonab's Assorted Antiques.
  2919 | D:3      | Found Niplurala's Armour Boutique.
  2921 | D:3      | Found Toasuf's Book Shop.
  3043 | D:3      | Reached skill level 2 in Conjurations
  3335 | D:3      | Found Cushiap's Antique Armour Shop.
  3692 | D:4      | Found a staircase to the Ecumenical Temple.
  3714 | Temple   | Entered the Ecumenical Temple
  3845 | Temple   | Became a worshipper of Hepliaklqana the Forgotten
  3864 | D:4      | Found a radiant altar of Vehumet.
  4541 | D:5      | Entered Level 5 of the Dungeon
  4765 | D:5      | Reached * piety under Hepliaklqana
  4785 | D:5      | Found Ceuskiko's Assorted Antiques.
  4808 | D:5      | Noticed Blork the orc
  4813 | D:5      | Killed Blork the orc
  4814 | D:5      | Reached skill level 2 in Armour
  4814 | D:5      | Reached XP level 7. HP: 33/47 MP: 4/10
  4818 | D:5      | Found a glowing drain.
  4829 | Sewer    | Entered a sewer
  4912 | Sewer    | Reached skill level 3 in Conjurations
  5171 | Sewer    | Reached skill level 4 in Fighting
  5547 | D:5      | Reached skill level 8 in Ice Magic
  5901 | D:5      | Reached skill level 4 in Conjurations
  5960 | D:5      | Reached skill level 3 in Armour
  6043 | D:5      | Reached XP level 8. HP: 48/54 MP: 6/12
  6056 | D:5      | Reached skill level 3 in Spellcasting
  6555 | D:5      | Reached skill level 5 in Conjurations
  6649 | D:3      | Bought a shiny helmet for 157 gold pieces
  6718 | D:5      | Reached skill level 9 in Ice Magic
  6818 | D:5      | Found a large runed translucent door.
  6819 | D:5      | Found a large runed translucent door.
  6841 | D:5      | Found a shimmering blue altar of Sif Muna.
  6849 | D:5      | Reached skill level 5 in Fighting
  6883 | D:5      | Found a hide-covered altar of Uskayaw.
  7227 | D:6      | Identified the +4 war axe "Giantslayer" {antimagic, Fly
                  | Will+ Str+6 Int-2}
  7249 | D:6      | Reached skill level 4 in Armour
  7342 | D:6      | Reached XP level 9. HP: 50/61 MP: 0/14
  7426 | D:6      | Reached skill level 6 in Conjurations
  8070 | D:6      | Identified the ring of Res Nullius {Wiz +Blink Dex+4 SInv}
  8561 | D:7      | Reached ** piety under Hepliaklqana
  8562 | D:7      | Remembered your ancestor Londisizwe as a knight
  8573 | D:7      | Noticed a kobold demonologist
  8576 | D:7      | Reached skill level 4 in Spellcasting
  8582 | D:7      | Noticed a sixfirhy
  8589 | D:7      | Killed a kobold demonologist
  8590 | D:7      | Reached skill level 6 in Fighting
  8590 | D:7      | Reached skill level 5 in Armour
  8595 | D:7      | Reached skill level 7 in Conjurations
  8702 | D:7      | Found a blossoming altar of Fedhas.
  9011 | D:7      | Reached skill level 10 in Ice Magic
  9025 | D:7      | Reached skill level 5 in Spellcasting
  9227 | D:7      | Reached skill level 7 in Fighting
  9332 | D:7      | Found a burning altar of Makhleb.
  9708 | D:8      | Reached XP level 10. HP: 72/72 MP: 8/17
  9770 | D:8      | Reached skill level 8 in Fighting
  9781 | D:8      | Reached skill level 11 in Ice Magic
  9986 | D:8      | Found a staircase to the Lair.
 10476 | D:8      | Reached skill level 9 in Fighting
 10522 | D:8      | Found a white marble altar of Elyvilon.
 10904 | D:9      | Found Gacsasurch's Weapon Shoppe.
 10923 | D:9      | Found a flagged portal.
 10933 | Bailey   | Entered a bailey
 11215 | Bailey   | Reached skill level 12 in Ice Magic
 11372 | Bailey   | Reached *** piety under Hepliaklqana
 11436 | Bailey   | Reached skill level 10 in Fighting
 11734 | D:9      | Found Koudiocy's Weapon Emporium.
 11750 | D:9      | Noticed a two-headed ogre
 11758 | D:9      | Killed a two-headed ogre
 11759 | D:9      | Reached skill level 3 in Dodging
 12050 | D:9      | Noticed a tengu warrior
 12050 | D:9      | Noticed a death knight
 12051 | D:9      | Noticed a deep elf pyromancer
 12052 | D:9      | Noticed a cyan ugly thing
 12060 | D:9      | Killed a tengu warrior
 12061 | D:9      | Reached skill level 6 in Armour
 12061 | D:9      | Reached XP level 11. HP: 73/82 MP: 14/19
 12079 | D:9      | Reached skill level 4 in Dodging
 12081 | D:9      | Reached skill level 6 in Spellcasting
 12086 | D:9      | Killed a death knight
 12087 | D:9      | Reached skill level 8 in Conjurations
 12095 | D:9      | Paralysed by a hornet for 2 turns
 12111 | D:9      | Killed a cyan ugly thing
 12394 | D:9      | Noticed an orc knight
 12400 | D:9      | Killed an orc knight
 12401 | D:9      | Reached skill level 11 in Fighting
 12401 | D:9      | Reached skill level 1 in Shields
 12576 | D:9      | Noticed a white ugly thing
 12583 | D:9      | Killed a white ugly thing
 12584 | D:9      | Reached skill level 2 in Shields
 12765 | D:9      | Killed a deep elf pyromancer
 12766 | D:9      | Reached skill level 3 in Shields
 12966 | D:9      | Found Dezerch's General Store.
 13215 | D:9      | Bought a +1 helmet of intelligence for 231 gold pieces
 13215 | D:9      | Bought a scroll of enchant armour for 105 gold pieces
 13233 | D:10     | Entered Level 10 of the Dungeon
 13397 | D:10     | Found a staircase to the Orcish Mines.
 13553 | D:10     | Reached skill level 4 in Shields
 14008 | D:10     | Reached skill level 9 in Conjurations
 14104 | D:10     | Reached skill level 5 in Shields
 14107 | D:10     | Reached XP level 12. HP: 83/90 MP: 2/21
 14361 | D:10     | Reached **** piety under Hepliaklqana
 15128 | D:11     | Noticed a two-headed ogre
 15137 | D:11     | Killed a two-headed ogre
 15138 | D:11     | Reached skill level 1 in Summonings
 15283 | D:11     | Reached skill level 7 in Armour
 15353 | D:11     | Noticed a two-headed ogre
 15357 | D:11     | Killed a two-headed ogre
 15358 | D:11     | Reached skill level 5 in Dodging
 15449 | D:11     | Reached skill level 6 in Shields
 15449 | D:11     | Reached skill level 10 in Conjurations
 15487 | D:10     | Reached skill level 2 in Summonings
 15501 | D:10     | Reached skill level 12 in Fighting
 16580 | D:11     | Identified the +7 war axe of Abuse {speed, Dex+4}
 16744 | D:11     | Learned a level 7 spell: Ozocubu's Refrigeration
 16816 | Lair:1   | Entered Level 1 of the Lair of Beasts
 16885 | Lair:1   | Reached skill level 7 in Spellcasting
 16885 | Lair:1   | Reached skill level 1 in Invocations
 17407 | Lair:1   | Noticed a four-headed hydra
 17415 | Lair:1   | Killed a four-headed hydra
 17416 | Lair:1   | Reached skill level 2 in Invocations
 17655 | Lair:1   | Gained mutation: You can hop long distances. [Barachi
                  | growth]
 17655 | Lair:1   | Reached XP level 13. HP: 87/97 MP: 19/24
 17690 | Lair:1   | Reached ***** piety under Hepliaklqana
 17727 | Lair:1   | Reached skill level 7 in Shields
 17901 | Lair:1   | Found a runed translucent door.
 17904 | Lair:1   | Noticed croobank's ghost (journeyman OpFE)
 17973 | Lair:1   | Killed croobank's ghost
 18322 | Lair:2   | Reached skill level 13 in Ice Magic
 18692 | Lair:2   | Found a staircase to the Swamp.
 18927 | Lair:2   | Reached skill level 8 in Spellcasting
 19866 | Lair:3   | Learned a level 3 spell: Ozocubu's Armour
 19932 | Lair:3   | Found a hole to the Spider Nest.
 19993 | Lair:3   | Reached skill level 8 in Shields
 20148 | Lair:3   | Found a runed translucent gate.
 20148 | Lair:3   | Found a runed translucent gate.
 20148 | Lair:3   | Found a runed translucent gate.
 20150 | Lair:3   | Noticed louisi3's ghost (journeyman TrEE)
 20162 | Lair:3   | Killed louisi3's ghost
 20163 | Lair:3   | Reached skill level 14 in Ice Magic
 21189 | Lair:4   | Reached skill level 9 in Spellcasting
 21189 | Lair:4   | Reached skill level 15 in Ice Magic
 21194 | Lair:4   | Reached skill level 9 in Shields
 21397 | Lair:4   | Reached XP level 14. HP: 98/103 MP: 9/27
 21737 | Lair:4   | Reached skill level 16 in Ice Magic
 23077 | Lair:5   | Reached ****** piety under Hepliaklqana
 23669 | Lair:6   | Entered Level 6 of the Lair of Beasts
 23898 | Lair:6   | Reached skill level 17 in Ice Magic
 24424 | Lair:6   | Reached skill level 13 in Fighting
 24424 | Lair:6   | Reached skill level 10 in Shields
 24516 | Lair:6   | Found a staircase to the Slime Pits.
 25521 | Lair:6   | Reached skill level 18 in Ice Magic
 25524 | Lair:6   | Reached skill level 3 in Summonings
 25526 | Lair:6   | Reached XP level 15. HP: 111/111 MP: 1/28
 25792 | Lair:6   | Found a corrupted altar of Lugonu.
 25792 | Lair:6   | Found a one-way gate to the infinite horrors of the Abyss.
 25798 | Lair:6   | Got the Papyrus of Ice
 26674 | D:12     | Noticed Nergalle
 26676 | D:12     | Reached skill level 4 in Summonings
 26676 | D:12     | Killed Nergalle
 26811 | D:12     | Identified 2 potions of resistance
 27149 | D:13     | Reached skill level 11 in Shields
 27284 | D:13     | Noticed Josephine
 27289 | D:13     | Killed Josephine
 27294 | D:13     | Noticed Maurice
 27424 | D:13     | Killed Maurice
 27425 | D:13     | Reached skill level 11 in Conjurations
 27592 | D:13     | Reached skill level 14 in Fighting
 27719 | D:13     | Noticed Azrael
 27719 | D:13     | Noticed Urug
 27721 | D:13     | Killed Azrael
 27722 | D:13     | Reached skill level 5 in Summonings
 27722 | D:13     | Killed Urug
 27850 | D:13     | Identified the +7 long sword of Golden Conscience {speed,
                  | Drain Will+++ Dex+2 Stlth+}
 28385 | D:13     | Found Noll's Distillery.
 28801 | D:14     | Found a gate to the Vaults.
 29104 | D:14     | Reached skill level 10 in Spellcasting
 29106 | D:14     | Reached skill level 6 in Summonings
 29538 | D:15     | Entered Level 15 of the Dungeon
 29793 | D:15     | Found a staircase to the Depths.
 29978 | D:15     | Reached XP level 16. HP: 120/120 MP: 16/30
 29996 | D:15     | Reached skill level 12 in Shields
 30052 | D:15     | Reached skill level 7 in Summonings
 30370 | D:15     | Reached skill level 12 in Conjurations
 30969 | Orc:1    | Entered Level 1 of the Orcish Mines
 31144 | Orc:1    | Found Vegerphid's Book Emporium.
 31164 | Orc:1    | Bought a manual of Shields for 880 gold pieces
 31390 | Orc:1    | Found a transporter.
 31390 | Orc:1    | Found a transporter.
 31425 | Orc:1    | Reached skill level 15 in Fighting
 31975 | Orc:2    | Entered Level 2 of the Orcish Mines
 32438 | Orc:2    | Reached skill level 8 in Summonings
 32685 | Orc:2    | Reached skill level 11 in Spellcasting
 32737 | Orc:2    | Found Keerch's General Store.
 32737 | Orc:2    | Found Quubyn's Weapon Boutique.
 32739 | Orc:2    | Found Xanwyp's General Store.
 32739 | Orc:2    | Found Karig's Antique Armour Boutique.
 32781 | Orc:2    | Bought a pair of spiked boots for 275 gold pieces
 32781 | Orc:2    | Identified the +2 pair of boots "Xoasyide" {rCorr} (You
                  | bought it in a shop on level 2 of the Orcish Mines)
 32815 | Orc:2    | Found a staircase to the Elven Halls.
 33188 | Spider:1 | Entered Level 1 of the Spider Nest
 33191 | Spider:1 | Reached skill level 13 in Shields
 33740 | Spider:1 | Reached skill level 9 in Summonings
 33850 | Spider:1 | Reached skill level 13 in Conjurations
 34126 | Spider:1 | Reached skill level 14 in Shields
 35227 | Spider:3 | Reached XP level 17. HP: 127/127 MP: 25/32
 35628 | Spider:3 | Reached skill level 10 in Summonings
 35709 | Spider:3 | Reached skill level 12 in Spellcasting
 35879 | Spider:3 | Reached skill level 15 in Shields
 36397 | Spider:4 | Entered Level 4 of the Spider Nest
 36507 | Spider:4 | HP: 10/127 [spark wasp/living lightning (15)]
 36623 | Spider:4 | Reached skill level 14 in Conjurations
 36729 | Spider:4 | Reached skill level 11 in Summonings
 37073 | Spider:4 | Noticed Arachne
 37081 | Spider:4 | Killed Arachne
 37624 | Spider:4 | Reached skill level 12 in Summonings
 37626 | Spider:4 | Reached skill level 16 in Shields
 37799 | Spider:4 | Reached skill level 15 in Conjurations
 37934 | Spider:4 | Reached XP level 18. HP: 134/134 MP: 12/34
 38025 | Spider:4 | Identified 3 scrolls of acquirement
 38026 | Spider:4 | Acquired a staff of cold
 38029 | Spider:4 | Acquired a book of the Sky
 38031 | Spider:4 | Acquired the +3 sling "Punk" {acid, rCorr}
 38031 | Spider:4 | Found the +3 sling "Punk" {acid, rCorr}
 38302 | Spider:4 | Identified the +0 hat of the Nexus {rPois Str+4 Int-3
                  | Dex+4}
 38356 | Spider:4 | Got a gossamer rune of Zot
 38531 | Swamp:1  | Entered Level 1 of the Swamp
 38865 | Swamp:1  | Reached skill level 13 in Spellcasting
 39585 | Swamp:2  | Reached skill level 17 in Shields
 39731 | Swamp:2  | Reached skill level 16 in Conjurations
 40037 | Swamp:3  | Found a transporter.
 40037 | Swamp:3  | Noticed a tentacled monstrosity
 40043 | Swamp:3  | Noticed a tentacled monstrosity
 40050 | Swamp:3  | Killed a tentacled monstrosity
 40428 | Swamp:3  | Found the +12 glaive of Prune {vorpal}
 40431 | Swamp:3  | Noticed Thatotherguy's ghost (adept GrMo)
 40627 | Swamp:3  | Found a transporter.
 40919 | Swamp:3  | HP: 13/134 [constriction (9)]
 40924 | Swamp:3  | Killed a tentacled monstrosity
 40926 | Swamp:3  | Killed Thatotherguy's ghost
 41027 | Swamp:3  | Identified a scarf of resistance
 41167 | Swamp:4  | Entered Level 4 of the Swamp
 41174 | Swamp:4  | Reached skill level 17 in Conjurations
 41455 | Swamp:4  | Reached skill level 8 in Armour
 41513 | Swamp:4  | Reached skill level 6 in Dodging
 41721 | Swamp:4  | Reached skill level 14 in Spellcasting
 41721 | Swamp:4  | Reached XP level 19. HP: 119/139 MP: 9/37
 42202 | Swamp:4  | Got a decaying rune of Zot
 42928 | Elf:1    | Entered Level 1 of the Elven Halls
 42934 | Elf:1    | Reached skill level 9 in Armour
 43015 | Elf:1    | Paralysed by an air elemental for 1 turns
 43208 | Elf:1    | Reached skill level 18 in Conjurations
 43328 | Elf:1    | Reached skill level 16 in Fighting
 43367 | Elf:1    | Got the Handbook of the Entourage
 43388 | Elf:1    | Paralysed by an air elemental for 1 turns
 43757 | Elf:1    | Found Ykliceaw's Assorted Antiques.
 43857 | Elf:1    | You fall into a shaft and drop 1 floor!
 43857 | Elf:2    | Found a runed translucent gate.
 43857 | Elf:2    | Found a runed translucent gate.
 43857 | Elf:2    | Found a runed translucent gate.
 43885 | Elf:2    | HP: 10/143 [deep elf knight/shard of ice (22)]
 43886 | Elf:2    | HP: 4/143 [poisoned by a +0 halberd of venom]
 43891 | Elf:2    | HP: 3/143 [poisoned by a +0 halberd of venom]
 43945 | Elf:2    | Reached skill level 15 in Spellcasting
 44266 | D:5      | Bought a scroll of acquirement for 1196 gold pieces
 44353 | D:2      | Bought a book of Dangerous Friends for 400 gold pieces
 44361 | D:2      | Learned a level 7 spell: Orb of Destruction
 44369 | D:2      | Learned a level 7 spell: Spellforged Servitor
 44595 | Elf:2    | Reached skill level 17 in Fighting
 45202 | Elf:2    | Reached skill level 18 in Fighting
 45207 | Elf:2    | Reached skill level 3 in Invocations
 45266 | Elf:2    | Reached XP level 20. HP: 153/153 MP: 18/39
 45416 | Elf:2    | Got the Tome of Conjuration
 45457 | Elf:2    | Reached skill level 4 in Invocations
 45502 | Elf:2    | Reached skill level 7 in Dodging
 45908 | Elf:2    | Reached skill level 18 in Shields
 46081 | Elf:2    | Reached skill level 5 in Invocations
 46306 | Elf:3    | Entered Level 3 of the Elven Halls
 46400 | Elf:3    | Reached skill level 8 in Dodging
 46920 | Elf:3    | Identified the +2 helmet "Fuowned" {rElec rF+}
 47028 | Elf:3    | Identified the amulet "Luzanere" {rC++ Will++ Regen+ Int-2}
 47034 | Elf:3    | Identified the amulet "Xeled" {Regen+ Str+3 Int+2}
 47063 | Elf:3    | Identified the +7 war axe "Sogi" {flame, rF+ Will++}
 47101 | Elf:3    | Noticed a Tzitzimitl
 47103 | Elf:3    | Identified the +5 great sword "Pigheqak" {holy, Drain rElec
                  | Will+}
 47122 | Elf:3    | Got the Compendium of Translocation and Snow
 47384 | Elf:3    | Reached skill level 6 in Invocations
 48098 | Vaults:1 | Entered Level 1 of the Vaults
 48101 | Vaults:1 | Reached skill level 9 in Dodging
 48101 | Vaults:1 | Reached skill level 19 in Shields
 48572 | Vaults:1 | Reached XP level 21. HP: 161/161 MP: 20/40
 48697 | Vaults:1 | Reached skill level 7 in Invocations
 48786 | Vaults:1 | Reached skill level 19 in Fighting
 49042 | Vaults:1 | Reached skill level 16 in Spellcasting
 49177 | Vaults:1 | Reached skill level 1 in Translocations
 49270 | Vaults:1 | Reached skill level 2 in Translocations
 49540 | Vaults:1 | Reached skill level 3 in Translocations
 50113 | Vaults:2 | Noticed Nikola
 50139 | Vaults:2 | Reached skill level 4 in Translocations
 50139 | Vaults:2 | Killed Nikola
 50140 | Vaults:2 | Reached skill level 8 in Invocations
 50433 | Vaults:2 | Reached skill level 5 in Translocations
 50673 | Vaults:2 | Reached skill level 6 in Translocations
 50969 | Vaults:2 | You fall into a shaft and drop 1 floor!
 51061 | Vaults:3 | Reached skill level 7 in Translocations
 51234 | Vaults:3 | Reached skill level 8 in Translocations
 51395 | Vaults:3 | Reached skill level 20 in Fighting
 51779 | Vaults:2 | Reached skill level 17 in Spellcasting
 52148 | Vaults:2 | Identified the +0 quarterstaff "Kobi" {drain, rPois Will+
                  | Str+2}
 52406 | Vaults:3 | Reached XP level 22. HP: 156/172 MP: 23/43
 52425 | Vaults:2 | Learned a level 6 spell: Iron Shot
 52431 | Vaults:2 | Learned a level 5 spell: Borgnjor's Vile Clutch
 52476 | Vaults:3 | Reached skill level 1 in Earth Magic
 52708 | Vaults:3 | Reached skill level 1 in Necromancy
 52747 | Vaults:3 | Found a staircase to the Crypt.
 52748 | Vaults:3 | Found a basalt altar of Yredelemnul.
 52748 | Vaults:3 | Found an ancient bone altar of Kikubaaqudgha.
 52932 | Vaults:3 | Reached skill level 2 in Earth Magic
 53726 | Vaults:4 | Reached skill level 3 in Earth Magic
 53795 | Vaults:4 | Reached skill level 2 in Necromancy
 53923 | Vaults:4 | Found Qyac Tuwnuhe's Magic Scroll Boutique.
 54031 | Vaults:4 | Bought a scroll of summoning for 142 gold pieces
 54067 | Vaults:4 | Reached skill level 4 in Earth Magic
 54552 | Vaults:4 | Found Lij Gaho's Armour Shoppe.
 54655 | Vaults:4 | Reached skill level 3 in Necromancy
 54704 | Vaults:4 | Reached skill level 5 in Earth Magic
 54888 | Vaults:4 | Found Buaz's Magic Scroll Emporium.
 54901 | Vaults:4 | Found Yduthy's Armour Shop.
 54909 | Vaults:4 | Identified the +1 robe of Philately {rN+}
 55214 | Vaults:5 | Entered Level 5 of the Vaults
 55216 | Vaults:5 | Noticed a dread lich
 55217 | Vaults:5 | Reached skill level 21 in Fighting
 55217 | Vaults:5 | Reached skill level 4 in Necromancy
 55217 | Vaults:5 | Reached skill level 6 in Earth Magic
 55218 | Vaults:5 | Reached skill level 7 in Earth Magic
 55224 | Vaults:5 | Paralysed by a dread lich for 2 turns
 55575 | Depths:1 | Entered Level 1 of the Depths
 55678 | Depths:1 | Found a magical portal.
 55692 | WizLab   | Entered Maxwell's Workshop
 55700 | WizLab   | Reached skill level 18 in Spellcasting
 55700 | WizLab   | Reached skill level 8 in Earth Magic
 55750 | WizLab   | Reached skill level 5 in Necromancy
 55846 | WizLab   | Identified the ring of Midnight {Ice Str+3 Int+4 Dex+3}
 55858 | WizLab   | Identified the ring of Cekexett {Fire Dex+3}
 56017 | WizLab   | Reached XP level 23. HP: 86/180 MP: 23/45
 56199 | WizLab   | Acquired 650 gold pieces
 56246 | WizLab   | Noticed an electric golem
 56254 | WizLab   | Killed an electric golem
 56350 | WizLab   | Identified the +3 short sword "Hydrabane" {venom, rN+ Str+4
                  | Int+6}
 56688 | WizLab   | Learned a level 9 spell: Polar Vortex
 56926 | Depths:1 | Found a gateway to Hell.
 57061 | Depths:1 | Found a hazy altar of Hepliaklqana.
 57108 | Depths:1 | Identified the +5 scale mail of Grim Birdsong {+Inv rC+
                  | Str+2}
 57439 | Depths:1 | Reached skill level 9 in Earth Magic
 57811 | Depths:1 | Noticed an ancient lich
 57820 | Depths:1 | Killed an ancient lich
 57821 | Depths:1 | Reached skill level 6 in Necromancy
 57832 | Depths:1 | Gained mutation: You tend to lose your temper in combat. [a
                  | shining eye]
 57834 | Depths:1 | Reached skill level 10 in Armour
 57922 | Depths:1 | Identified a +0 crystal plate armour
 58126 | Depths:2 | Noticed Aizul
 58130 | Depths:2 | Killed Aizul
 58131 | Depths:2 | Reached skill level 10 in Dodging
 58393 | Depths:2 | Reached skill level 19 in Ice Magic
 58493 | Depths:2 | Found a blossoming altar of Fedhas.
 58850 | Depths:2 | Found a glowing silver altar of Zin.
 58965 | Depths:2 | Reached XP level 24. HP: 189/189 MP: 25/45
 59096 | Depths:2 | Found a broken altar of Ashenzari.
 59109 | Depths:2 | Acquired a book of Geomancy
 59110 | Depths:2 | Acquired an Everburning Encyclopedia
 59111 | Depths:2 | Acquired Sif Muna's Disquisition on Stolen Souls
 59214 | Depths:2 | Found a one-way gate leading to the halls of Pandemonium.
 59219 | Depths:2 | Reached skill level 11 in Armour
 59284 | Depths:2 | Found a sacrificial altar of Ru.
 59395 | Depths:2 | Noticed a caustic shrike
 59396 | Depths:2 | Noticed a caustic shrike
 59397 | Depths:2 | Noticed a caustic shrike
 59400 | Depths:2 | Killed a caustic shrike
 59401 | Depths:2 | Noticed a juggernaut
 59402 | Depths:2 | Killed a caustic shrike
 59425 | Depths:2 | Killed a caustic shrike
 59582 | Depths:2 | Killed a juggernaut
 59583 | Depths:2 | Reached skill level 11 in Dodging
 59724 | Depths:2 | Reached skill level 20 in Ice Magic
 59938 | Depths:2 | Found the +1 robe of Vines {NoPotionHeal Regen++++}
 60591 | Vaults:4 | Bought a scroll of acquirement for 1144 gold pieces
 60591 | Vaults:4 | Acquired the +2 shield of Resistance {rF++ rC++ Will++}
 60591 | Vaults:4 | Found the +2 shield of Resistance {rF++ rC++ Will++}
 60887 | Depths:3 | Reached skill level 22 in Fighting
 61499 | Depths:3 | Reached skill level 19 in Spellcasting
 61549 | Depths:3 | Noticed a juggernaut
 61557 | Depths:3 | Killed a juggernaut
 61694 | Depths:3 | Acquired a book of Transfigurations
 61801 | Depths:3 | Reached skill level 12 in Armour
 61933 | Depths:3 | Found a one-way gateway to a ziggurat.
 62160 | Depths:3 | Identified the +1 scale mail of the Nexus {+Inv}
 62512 | Depths:3 | Noticed a caustic shrike
 62518 | Depths:3 | Killed a caustic shrike
 62640 | Depths:3 | Noticed the Enchantress
 62643 | Depths:3 | Killed the Enchantress
 62644 | Depths:3 | Reached skill level 21 in Ice Magic
 63145 | Depths:4 | Entered Level 4 of the Depths
 63210 | Depths:4 | Reached skill level 12 in Dodging
 63523 | Depths:4 | Reached XP level 25. HP: 162/193 MP: 14/46
 63748 | Depths:4 | Found a portal to a secret trove of treasure.
 64044 | Depths:4 | Found a gate to the Realm of Zot.
 64525 | Vaults:4 | Killed a dread lich
 64559 | Vaults:5 | Reached skill level 13 in Armour
 64813 | Vaults:5 | Noticed an ancient lich
 65089 | Vaults:5 | Killed an ancient lich
 65349 | Vaults:5 | Reached skill level 22 in Ice Magic
 65635 | Vaults:5 | Reached skill level 13 in Dodging
 65833 | Vaults:5 | Identified the +11 short sword of the Evil Eye {drain, rC-
                  | Will+++ rCorr Str+2}
 65839 | Vaults:5 | Reached skill level 23 in Fighting
 65936 | Vaults:5 | Identified the +1 robe of Olusolihi {+Blink rElec Str+5
                  | Int-3}
 66032 | Vaults:5 | Found Imitwa Peats's Magic Scroll Boutique.
 66156 | Vaults:5 | Identified the +2 halberd "Fueneir" {vorpal, Fly rPois rN+
                  | Int-5}
 66158 | Vaults:5 | Identified the +1 chain mail of Geageafiu {-Cast rCorr
                  | Str+4 Slay+3}
 66196 | Vaults:5 | Learned a level 4 spell: Passage of Golubria
 66259 | Vaults:5 | Got a silver rune of Zot
 66299 | Vaults:5 | Got Modour Paaru's Grimoire of Shifting Feathers
 66514 | Vaults:5 | Found Raned's Magic Scroll Shop.
 66519 | Vaults:5 | Bought a scroll of teleportation for 69 gold pieces
 66519 | Vaults:5 | Bought a scroll of teleportation for 69 gold pieces
 66519 | Vaults:5 | Bought a scroll of teleportation for 69 gold pieces
 66537 | Vaults:5 | Bought a scroll of teleportation for 39 gold pieces
 66537 | Vaults:5 | Bought a scroll of teleportation for 39 gold pieces
 66537 | Vaults:5 | Bought a scroll of teleportation for 39 gold pieces
 66860 | Depths:4 | You paid a toll of 16 scrolls of teleportation to enter a
                  | treasure trove
 66861 | Trove    | Entered a treasure trove
 66880 | Trove    | Got Sif Muna's Collected Works on Fire
 66899 | Trove    | Got Sif Muna's Grimoire of Displaced Conjuration
 66902 | Trove    | Got the Almanac of Mutagenic Translocation
 66932 | Trove    | Learned a level 2 spell: Sublimation of Blood
 67767 | Zot:1    | Entered Level 1 of the Realm of Zot
 67905 | Zot:5    | Entered Level 5 of the Realm of Zot
 67914 | Zot:4    | Reached skill level 14 in Armour
 68310 | Zot:5    | Noticed a curse toe
 68316 | Zot:5    | Killed a curse toe
 68630 | Zot:5    | Reached XP level 26. HP: 206/206 MP: 33/46
 68662 | Zot:5    | Reached skill level 23 in Ice Magic
 68664 | Zot:5    | Reached skill level 14 in Dodging
 68664 | Zot:5    | Reached skill level 20 in Spellcasting
 68930 | Zot:5    | Noticed a curse toe
 68945 | Zot:5    | Killed a curse toe
 69134 | Zot:5    | Noticed an ancient lich
 69134 | Zot:5    | Noticed a Killer Klown
 69134 | Zot:5    | Noticed a Killer Klown
 69134 | Zot:5    | Noticed an ancient lich
 69134 | Zot:5    | Noticed an electric golem
 69146 | Zot:5    | Killed an electric golem
 69151 | Zot:5    | Killed an ancient lich
 69153 | Zot:5    | Killed a Killer Klown
 69159 | Zot:5    | Killed an ancient lich
 69171 | Zot:5    | Noticed an orb of fire
 69181 | Zot:5    | Killed an orb of fire
 69188 | Zot:5    | Killed a Killer Klown
 69286 | Zot:5    | Reached skill level 15 in Dodging
 69448 | Zot:5    | Got the Orb of Zot
 69451 | Zot:5    | Noticed a Killer Klown
 69462 | Zot:5    | Noticed a Killer Klown
 69464 | Zot:5    | Noticed an electric golem
 69468 | Zot:5    | Noticed an orb of fire
 69500 | Zot:5    | Gained mutation: Your magical capacity is low. (-10% MP)
                  | [an orb of fire]
 69563 | Zot:2    | Noticed a Killer Klown
 69839 | D:10     | Noticed Uvvy the pandemonium lord
 70091 | D:$      | Escaped with the Orb!

Vanquished Creatures
  A dread lich (Vaults:4)
  4 ancient liches
  2 juggernauts
  An orb of fire (Zot:5)
  A Killer Klown (Zot:5)
  2 caustic shrikes
  2 curse toes (Zot:5)
  Nikola (Vaults:2)
  4 golden dragons
  the Enchantress (Depths:3)
  An electric golem (WizLab)
  2 walking crystal tomes (Depths:3)
  4 tentacled monstrosities
  3 deep elf master archers (Elf:3)
  17 Orb Guardians
  A lich (Depths:4)
  5 deep elf blademasters
  4 titans
  2 walking divine tomes
  3 quicksilver dragons
  4 death cobs
  5 sphinxes
  3 thorn hunters
  9 tengu reavers
  4 shadow dragons
  4 storm dragons (Vaults:5)
  2 draconian monks
  A draconian knight (Zot:5)
  The ghost of louisi3 the Geomancer, a journeyman TrEE of Makhleb (Lair:3)
  6 deep elf sorcerers
  3 iron dragons
  3 orc warlords
  8 fire giants
  12 vault wardens
  6 frost giants
  2 balrugs
  5 emperor scorpions
  Aizul (Depths:2)
  A draconian scorcher (Zot:5)
  4 deep elf elementalists (Elf:3)
  2 draconian stormcallers (Zot:5)
  12 ironbound preservers
  6 war gargoyles
  3 spriggan defenders (Depths:3)
  A draconian annihilator (Zot:5)
  9 stone giants
  2 broodmothers (Spider:4)
  A reaper (D:2)
  2 vampire knights
  29 very ugly things
  A demonspawn blood saint (D:2)
  12 ironbound thunderhulks
  2 eleionomae (Swamp:2)
  6 deep elf demonologists
  A green draconian (Depths:4)
  6 entropy weavers
  3 white draconians
  Azrael (D:13)
  A minotaur (shapeshifter) (Depths:1)
  2 purple draconians
  3 bunyips
  7 deep elf annihilators
  4 yellow draconians
  8 spark wasps
  3 dire elephants (Vaults:1)
  3 deep elf death magi
  11 ettins
  2 blizzard demons
  Josephine (D:13)
  A crystal guardian (WizLab)
  5 fire dragons
  A shambling mangrove (Swamp:4)
  5 yaktaur captains
  5 great orbs of eyes
  5 deep elf high priests
  4 rakshasas
  5 boulder beetles
  6 spriggan air magi
  32 vault guards
  24 hydras
  8 peacekeepers
  A radroach (shapeshifter) (Depths:2)
  9 centaur warriors
  5 jorogumos
  10 alligators
  4 ice dragons
  7 ironbound frosthearts
  2 radroaches
  5 two-headed ogres
  A deep troll earth mage (Depths:2)
  2 death knights
  5 orc high priests
  Urug (D:13)
  5 death yaks
  2 deep troll shamans
  16 tengu warriors
  9 dancing weapons
  3 thrashing horrors (Lair:6)
  A shock serpent (shapeshifter) (Vaults:4)
  5 hell hogs (Depths:2)
  The ghost of croobank the Covert, a journeyman OpFE of Hepliaklqana (Lair:1)
  A vampire mage (Depths:2)
  15 spriggan berserkers
  15 deep elf knights
  2 soul eaters (Depths:2)
  3 sun demons (Depths:2)
  Nergalle (D:12)
  5 hell knights (Depths:3)
  An iron troll (Depths:2)
  5 goliath frogs
  A deep troll (shapeshifter) (Vaults:5)
  2 sun moths (Spider:4)
  5 pharaoh ants
  A cherub (D:11)
  3 skeletal warriors (D:15)
  7 spriggan druids
  32 deep trolls
  A shadow wraith (Depths:2)
  18 ironbound convokers
  2 flayed ghosts
  2 orb spiders (shapeshifter)
  4 bog bodies
  A death drake (shapeshifter) (Vaults:3)
  11 swamp dragons
  3 glowing orange brains (Depths:2)
  13 orb spiders
  6 steelbarb worms
  16 deep elf archers
  34 deep elf pyromancers
  38 deep elf zephyrmancers
  10 lindwurms
  3 wizards
  2 necromancers
  A large abomination (Lair:6)
  11 orc knights
  7 harpies
  23 wolf spiders
  A shining eye (shapeshifter) (Depths:1)
  7 oklob plants
  17 ugly things
  5 orc sorcerers
  8 manticores
  4 will-o-the-wisps
  2 salamanders
  2 cyclopes
  12 moths of wrath
  2 black mambas
  A guardian serpent (shapeshifter) (Depths:3)
  Maurice (D:13)
  An eye of devastation (shapeshifter) (D:15)
  21 vault sentinels
  An ice statue (Depths:2)
  3 elephants (Lair:5)
  3 orange demons (D:10)
  3 molten gargoyles (WizLab)
  4 torpor snails
  16 cane toads
  5 gargoyles
  A rime drake (shapeshifter) (Lair:6)
  4 demonic crawlers
  3 rime drakes
  2 ice devils (Depths:2)
  A freezing wraith (Depths:2)
  2 kobold demonologists
  5 komodo dragons
  38 yaktaurs
  A komodo dragon (shapeshifter) (D:13)
  2 ancient zymes (Lair:6)
  8 tengu conjurers
  3 red devils (D:10)
  13 tyrant leeches
  A merfolk (shapeshifter) (Vaults:3)
  A bloated husk (Swamp:1)
  4 trolls
  3 meliai (Spider:4)
  18 tarantellas
  12 blink frogs
  31 slime creatures
  A tarantella (shapeshifter) (Elf:2)
  8 hornets
  A dream sheep (shapeshifter) (Depths:3)
  A spectral dream sheep (Lair:3)
  4 air elementals
  29 jumping spiders
  A shadow (D:11)
  21 culicivoras
  5 wyverns
  A dire elephant simulacrum (D:11)
  2 ynoxinuls
  8 spriggans
  6 wraiths
  25 yaks
  6 water elementals
  3 fire elementals (D:13)
  A golden eye (shapeshifter) (Elf:2)
  2 chaos spawn (Lair:6)
  3 fire bats (Depths:4)
  8 basilisks
  64 redbacks
  2 steam dragons
  11 vampire mosquitoes
  9 wargs
  18 swamp worms
  2 death yak simulacra
  11 small abominations (Lair:6)
  A harpy simulacrum (D:11)
  A human simulacrum (Vaults:2)
  A spectral cane toad (Lair:3)
  7 hell hounds
  9 water moccasins
  A spectral torpor snail (Lair:3)
  27 orc warriors
  7 swamp drakes
  A sky beast (D:6)
  An ettin simulacrum (Depths:2)
  14 wolves
  A hornet zombie (D:5)
  4 ogres
  An ogre (shapeshifter) (D:9)
  14 boggarts
  12 centaurs
  A phantom (D:5)
  3 kobold brigands
  Blork the orc (D:5)
  8 bullfrogs
  8 gnoll sergeants
  3 earth elementals (WizLab)
  A scorpion (D:5)
  19 killer bees
  6 electric eels
  2 wights (D:8)
  A howler monkey (D:8)
  2 centaur zombies
  A komodo dragon simulacrum (Lair:3)
  16 orc priests
  A jelly (D:7)
  7 gnoll shamans
  12 hounds
  2 iguanas (D:5)
  25 orc wizards
  10 hell rats
  35 gnolls
  A howler monkey skeleton (D:5)
  11 adders
  A shadow imp (D:6)
  A white imp (D:11)
  2 ufetubi
  A worm (shapeshifter) (Vaults:5)
  4 worms
  3 dart slugs
  69 orcs
  15 ball pythons
  8 bats
  11 endoplasms
  10 giant cockroaches
  8 goblins
  3 hobgoblins
  13 jackals
  10 quokkas
  10 frilled lizards
  20 kobolds
  7 rats
  A bush (Lair:5)
  A fire vortex (D:15)
1790 creatures vanquished.

Vanquished Creatures (collateral kills)
  A Killer Klown (Zot:5)
  2 caustic shrikes (Depths:2)
  2 golden dragons (Depths:3)
  Arachne (Spider:4)
  An electric golem (Zot:5)
  A lich (Depths:3)
  6 tentacled monstrosities
  7 Orb Guardians
  A death cob (Zot:4)
  2 quicksilver dragons (Vaults:5)
  A thorn hunter (Swamp:4)
  A sphinx (Depths:1)
  3 shadow dragons
  3 storm dragons
  5 tengu reavers
  An emperor scorpion (Spider:3)
  A deep elf sorcerer (Vaults:5)
  4 fire giants
  3 frost giants
  The ghost of Thatotherguy the Bludgeoner, an adept GrMo of Okawaru (Swamp:3)
  3 vault wardens (Vaults:5)
  3 ghost moths (Spider:4)
  9 ironbound preservers
  A reaper (Depths:2)
  A spriggan defender (Depths:3)
  5 very ugly things
  An ironbound thunderhulk (Vaults:3)
  A vampire knight (Depths:4)
  A stone giant (Vaults:5)
  A black draconian (Zot:5)
  A red draconian (Zot:5)
  A yellow draconian (Depths:4)
  A white draconian (Zot:5)
  2 deep elf annihilators
  A deep elf death mage (Vaults:5)
  A blizzard demon (Depths:2)
  2 crystal guardians
  An ettin (Vaults:5)
  4 yaktaur captains
  2 great orbs of eyes
  A fire dragon (Depths:4)
  A deep elf high priest (Depths:2)
  A rakshasa (D:1)
  2 ice dragons
  8 hydras
  A peacekeeper (WizLab)
  A radroach (Spider:4)
  A spriggan air mage (Depths:4)
  5 ironbound frosthearts
  A satyr (shapeshifter) (Depths:3)
  2 death yaks (Lair:6)
  2 two-headed ogres
  19 dancing weapons
  4 tengu warriors (Depths:2)
  2 deep troll shamans
  2 deep troll earth magi (Depths:4)
  A thrashing horror (Lair:6)
  A spriggan berserker (Depths:2)
  A soul eater (Depths:2)
  A sun demon (Zot:5)
  A shadow wraith (Depths:2)
  2 deep elf knights (Elf:2)
  5 iron trolls (Depths:2)
  A spectral death yak (Lair:3)
  4 skeletal warriors
  2 deep trolls
  A bog body (D:11)
  2 quicksilver dragon simulacra (Depths:2)
  2 flayed ghosts
  A spectral hydra (Lair:3)
  5 deep elf archers
  2 ironbound convokers (Vaults:4)
  An orc knight (Orc:2)
  A phantasmal warrior (Vaults:5)
  An obsidian statue (Vaults:2)
  2 necromancers
  3 harpies
  5 deep elf zephyrmancers (Elf:2)
  5 wolf spiders
  4 deep elf pyromancers
  An oklob plant (Lair:5)
  A stone giant zombie (Vaults:4)
  4 ugly things
  A manticore (Depths:1)
  A manticore (shapeshifter) (Vaults:5)
  A centaur zombie (D:11)
  3 elephants (Lair:5)
  3 moths of wrath (Zot:5)
  2 black mambas
  An ice statue (D:11)
  A molten gargoyle (WizLab)
  A human skeleton (Vaults:4)
  2 vault sentinels (Vaults:5)
  An orange demon (D:10)
  A torpor snail (Lair:5)
  2 cane toads
  2 komodo dragons
  4 rime drakes
  2 yaktaurs (Vaults:3)
  A freezing wraith (Depths:2)
  An ancient zyme (Lair:6)
  A demonic crawler (Spider:1)
  2 tengu conjurers (Depths:2)
  A polar bear (D:11)
  A queen bee (D:11)
  2 trolls
  A hornet (Swamp:4)
  A meliai (shapeshifter) (Lair:6)
  3 tyrant leeches (Lair:2)
  8 blink frogs
  14 slime creatures
  A jumping spider (Spider:4)
  2 wyverns
  A ynoxinul (Lair:6)
  2 spriggans (Swamp:4)
  4 basilisks
  A wraith (D:14)
  3 culicivoras
  A fire bat (Depths:4)
  5 yaks
  A chaos spawn (Lair:6)
  2 human simulacra
  A redback (Spider:4)
  A steam dragon (D:8)
  A warg (shapeshifter) (Elf:2)
  A swamp worm (Lair:2)
  3 water moccasins
  An orc warrior (D:13)
  2 ice beasts
  3 sky beasts (D:7)
  4 ettin simulacra
  2 ogres (D:5)
  A wolf (D:8)
  A centaur (D:9)
  A phantom (D:5)
  A kobold brigand (D:9)
  2 human zombies (Vaults:2)
  5 bullfrogs
  A scorpion (D:6)
  3 gnoll sergeants
  An earth elemental (Elf:2)
  An elephant simulacrum (D:11)
  2 killer bees (D:11)
  A howler monkey (D:8)
  2 wights
  5 hounds
  3 gnoll shamans
  An orc wizard (Orc:2)
  A hell rat (Lair:4)
  A troll simulacrum (D:11)
  2 lightning spires (WizLab)
  A killer bee zombie (D:8)
  A wolf simulacrum (D:11)
  A howler monkey zombie (D:8)
  2 adders
  11 gnolls
  7 orcs
  A ball python (Sewer)
  3 endoplasms (Sewer)
  2 giant cockroaches (Sewer)
  3 jackals (D:10)
  3 kobolds
  A quokka (Sewer)
  A bush (Lair:5)
380 creatures vanquished.

Vanquished Creatures (others)
  A deep elf master archer (Elf:3)
  2 stone giants
  A yaktaur captain (Vaults:5)
  An ironbound frostheart (Vaults:2)
  2 deep elf knights
  A deep elf archer (Elf:2)
  A deep elf pyromancer (Elf:2)
  2 yaktaurs
  21 knights
  2 ancestors
  A bush (Lair:5)
  4 foxfires (Swamp:3)
  54 fungi
  91 plants
184 creatures vanquished.

Grand Total: 2354 creatures vanquished

Table legend: (Time is in decaauts)
 A = Elapsed time spent in this place.
 B = Non-inter-level travel time spent in this place.
 C = Inter-level travel time spent in this place.
 D = Time resting spent in this place.
 E = Time spent auto-exploring this place.
 F = Levels seen in this place.
 G = Mean time per level.
                   A        B        C        D        E       F      G
               +--------+--------+--------+--------+--------+-----+--------+
         Total |  77483 |  70382 |   7101 |  16498 |  38653 |  53 | 1461.9 |
       Dungeon |  24404 |  20825 |   3579 |   4148 |  13099 |  15 | 1626.9 |
        Temple |    166 |    144 |     22 |      0 |    123 |   1 |  166.0 |
          Lair |  10640 |  10011 |    629 |   2419 |   5947 |   6 | 1773.3 |
         Swamp |   4442 |   4300 |    142 |    899 |   2761 |   4 | 1110.5 |
   Spider Nest |   5824 |   5483 |    341 |   1045 |   3452 |   4 | 1456.0 |
  Orcish Mines |   2753 |   2306 |    447 |    346 |   1373 |   2 | 1376.5 |
   Elven Halls |   5177 |   4780 |    397 |   1088 |   2397 |   3 | 1725.7 |
        Vaults |  11218 |  10220 |    998 |   1943 |   6036 |   5 | 2243.6 |
        Depths |   8149 |   7606 |    543 |   2382 |   3216 |   4 | 2037.2 |
           Zot |   1962 |   1962 |      0 |    874 |      0 |   5 |  392.4 |
         Trove |    129 |    129 |      0 |      0 |      0 |   1 |  129.0 |
         Sewer |    701 |    701 |      0 |    403 |      0 |   1 |  701.0 |
        Bailey |    781 |    781 |      0 |    422 |    159 |   1 |  781.0 |
        Wizlab |   1132 |   1132 |      0 |    526 |     84 |   1 | 1132.0 |
               +--------+--------+--------+--------+--------+-----+--------+

Top non-repeatable levels by time:
Vaults:1: 2764 daAuts
Depths:2: 2714 daAuts
Vaults:4: 2618 daAuts
  Lair:6: 2604 daAuts
Depths:3: 2422 daAuts
   Elf:2: 2370 daAuts
    D:11: 2093 daAuts
     D:1: 2091 daAuts
Vaults:3: 2083 daAuts
     D:5: 2078 daAuts
    D:10: 1980 daAuts
Vaults:2: 1946 daAuts
     D:9: 1842 daAuts
    D:15: 1838 daAuts
Spider:3: 1824 daAuts

Table legend:
 A = Non-vault XP
 B = Vault XP
 C = Vault XP percentage of total XP
 D = Non-vault monster count
 E = Vault monster count
 F = Vault count percentage of total count
                 A         B        C        D         E       F
            +---------+---------+-------+---------+---------+-------
      Total |  496407 |  687127 |  58.1 |    1126 |    1041 |  48.0
            +---------+---------+-------+---------+---------+-------
        D:1 |      68 |       0 |   0.0 |      30 |       0 |   0.0
        D:2 |      48 |       0 |   0.0 |      18 |       0 |   0.0
        D:3 |     264 |      98 |  27.1 |      30 |       5 |  14.3
        D:4 |      19 |       0 |   0.0 |      10 |       0 |   0.0
        D:5 |    1082 |     122 |  10.1 |      22 |       4 |  15.4
        D:6 |     684 |       0 |   0.0 |      14 |       0 |   0.0
        D:7 |    1937 |       0 |   0.0 |      21 |       0 |   0.0
        D:8 |    1045 |     669 |  39.0 |      21 |       8 |  27.6
        D:9 |    2507 |    4599 |  64.7 |      26 |      18 |  40.9
       D:10 |    1290 |    3720 |  74.3 |      14 |      53 |  79.1
       D:11 |    3131 |    4551 |  59.2 |       6 |      32 |  84.2
       D:12 |    2601 |     773 |  22.9 |      10 |       1 |   9.1
       D:13 |    9359 |    6675 |  41.6 |      22 |      28 |  56.0
       D:14 |    5488 |    2530 |  31.6 |      22 |       4 |  15.4
       D:15 |   10065 |    6533 |  39.4 |      22 |      12 |  35.3
     Lair:1 |    5112 |    1255 |  19.7 |      17 |       2 |  10.5
     Lair:2 |    2813 |    1930 |  40.7 |       9 |       7 |  43.8
     Lair:3 |    5657 |    3472 |  38.0 |      22 |       8 |  26.7
     Lair:4 |    3487 |    5517 |  61.3 |      14 |      29 |  67.4
     Lair:5 |    7920 |    2345 |  22.8 |      23 |       5 |  17.9
     Lair:6 |   11437 |   12840 |  52.9 |      29 |      40 |  58.0
    Swamp:1 |    8148 |       0 |   0.0 |      19 |       0 |   0.0
    Swamp:2 |   12142 |       0 |   0.0 |      20 |       0 |   0.0
    Swamp:3 |   11116 |    9878 |  47.1 |      19 |      10 |  34.5
    Swamp:4 |   20229 |   18256 |  47.4 |      36 |      27 |  42.9
   Spider:1 |   20579 |       0 |   0.0 |      50 |       0 |   0.0
   Spider:2 |    5460 |       0 |   0.0 |      18 |       0 |   0.0
   Spider:3 |   18479 |       0 |   0.0 |      55 |       0 |   0.0
   Spider:4 |   31652 |   21727 |  40.7 |      69 |      37 |  34.9
      Orc:1 |    3908 |    4436 |  53.2 |      32 |      25 |  43.9
      Orc:2 |    1884 |    7478 |  79.9 |      24 |      30 |  55.6
      Elf:1 |   13645 |    8997 |  39.7 |      20 |      15 |  42.9
      Elf:2 |   40464 |   33462 |  45.3 |      64 |      47 |  42.3
      Elf:3 |   12995 |   32545 |  71.5 |      19 |      26 |  57.8
   Vaults:1 |   32410 |   24033 |  42.6 |      50 |      30 |  37.5
   Vaults:2 |   23293 |   12864 |  35.6 |      39 |      22 |  36.1
   Vaults:3 |   18104 |   30900 |  63.1 |      28 |      52 |  65.0
   Vaults:4 |   23612 |   22048 |  48.3 |      34 |      27 |  44.3
   Vaults:5 |   16143 |  103731 |  86.5 |      22 |      95 |  81.2
   Depths:1 |   26406 |   35722 |  57.5 |      28 |      38 |  57.6
   Depths:2 |    2777 |  101471 |  97.3 |       3 |     110 |  97.3
   Depths:3 |    9351 |   61698 |  86.8 |      10 |      45 |  81.8
   Depths:4 |   27099 |    9082 |  25.1 |      30 |       8 |  21.1
      Zot:3 |    1780 |       0 |   0.0 |       1 |       0 |   0.0
      Zot:4 |    2595 |    1555 |  37.5 |       2 |       1 |  33.3
      Zot:5 |   36122 |   61347 |  62.9 |      32 |      29 |  47.5
      Sewer |       0 |     196 | 100.0 |       0 |      45 | 100.0
     Bailey |       0 |    1544 | 100.0 |       0 |      31 | 100.0
     WizLab |       0 |   26528 | 100.0 |       0 |      35 | 100.0
            +---------+---------+-------+---------+---------+-------
